 Dungeon Crawl Stone Soup version 0.31.0-12-g77e489cdc1 (webtiles) character file.

Game seed: 10152434403071350806

338 Amplified the Charlatan (level 6, -30/32 HPs)
             Began as a Demonspawn Wanderer on Mar 6, 2024.
             Killed from afar by a wretched star (34 damage)
             ... with a lance of force
             ... on level 1 of the Abyss.
             The game lasted 00:05:17 (2663 turns).

Amplified the Charlatan (Demonspawn Wanderer)       Turns: 2663, Time: 00:05:17

Health: -30/32     AC:  5    Str: 12    XL:     6   Next: 29%
Magic:  7/7        EV:  8    Int:  6    God:
Gold:   118        SH:  0    Dex: 17    Spells: 6/7 levels left

rFire   + + .        f - +1 flail (heavy)
rCold   x . .        (no shield)
rNeg    . . .        k - +0 fire dragon scales
rPois   .            (no helmet)
rElec   .            (no cloak)
rCorr   .            (no gloves)
SInv    .            b - +0 pair of boots
Will    .....        (no amulet) Stlth
                     (no ring)
HPRegen 0.25/turn    (no ring)
MPRegen 0.10/turn

%: no passive effects
@: about to teleport
A: claws 1, powered by death 1, [deformed body], [dopey 2], [frail 3],
[screaming 2], ([teleportitis 2])
a: no special abilities


You were on level 1 of the Abyss.
You visited 1 branch of the dungeon, and saw 4 of its levels.
You visited the Abyss 1 time.

You collected 118 gold pieces.

Inventory:

Hand Weapons
 a - a +0 dagger
 f - a +1 heavy flail (weapon)
 l - the +6 sling "Arcanum" {speed, Fly Int+2}
   (You found it on level 2 of the Dungeon)

   Int+2:     It affects your intelligence (+2).
   Fly:       It grants you flight.
Armour
 b - a +0 pair of boots (worn)
 d - a +0 robe
 k - +0 fire dragon scales (worn)
Jewellery
 q - a +5 ring of evasion
Scrolls
 m - a scroll of enchant weapon {unknown}
 n - a scroll of revelation {unknown}
 o - a scroll of noise
 p - a scroll of amnesia {unknown}
 r - a scroll of fear {unknown}
 t - a scroll of immolation
 v - a scroll of brand weapon {unknown}
Potions
 c - a potion of berserk rage
 i - 3 potions of curing {unknown}
 s - a potion of mutation {unknown}
 u - a potion of enlightenment {unknown}


   Skills:
 * Level 3.1 Fighting
 * Level 2.7 Maces & Flails
 * Level 2.3 Ranged Weapons
 + Level 1.8 Armour
 - Level 1.7 Dodging
 - Level 1.0 Spellcasting
 - Level 2.0 Alchemy
 + Level 5.5 Evocations


You had 6 spell levels left.
You knew the following spells:

 Your Spells              Type           Power      Damage    Failure   Level
a - Sting                 Conj/Alch      4%         1d3       91%         1

Your spell library contained the following spells:

 Spells                   Type           Power      Damage    Failure   Level
 Mephitic Cloud           Conj/Alch/Air  1%         N/A       100%        3


Dungeon Overview and Level Annotations

Branches:
Dungeon (4/15)
 Temple: D:4-7

Altars:

Annotations:
D:4 Sigmund


Innate Abilities, Weirdness & Mutations

You have sharp fingernails.
You regenerate a little health from kills.
[Armour fits poorly on your strangely shaped body.]
[You are very dopey. (Int -4)]
[You are extremely frail. (-30% HP)]
[You frequently scream uncontrollably at your foes.]
[((You are often teleported next to monsters.))]


Message History

You are knocked back by the lance of force.
You slam into the rock wall!
* * * LOW HITPOINT WARNING * * *
Unknown command.
You feel much better.
The large abomination hits you but does no damage.
Unknown command.
Unknown command.
Unknown command.
You hit the large abomination but do no damage.
The large abomination barely misses you.
The wretched star pulses with an eldritch light!
You feel frail.
Unknown command.
Unknown command.
Unknown command.
Unknown command.
Unknown command.
You sock the wretched star!
The wretched star is lightly damaged.
The wretched star glows turbulently.
The lance of force hits you!
You are knocked back by the lance of force.
You slam into the rock wall!
* * * LOW HITPOINT WARNING * * *
The wretched star pulses with an eldritch light!
You feel weirdly uncertain.
You feel even more weirdly uncertain.
Unknown command.
You hit the wretched star.
The wretched star is lightly damaged.
Unknown command.
Unknown command.
You closely miss the wretched star.
The wretched star is lightly damaged.
The wretched star pulses with an eldritch light!
Your body twists and deforms.
You feel stupid. x2
The wretched star glows turbulently.
The lance of force hits you!!
Ouch! That really hurt!
You die...

#### #@*##
###e# #..#
...... ....
.#...
.....#..##...
.#.#.#..#. .#
#. #. .#... .
#. # . #...


You could see a wretched star and a deep elf sorcerer (fast).

Vanquished Creatures
  A phantom (D:4)
  A bombardier beetle (D:4)
  2 hounds (D:4)
  Jessica (D:2)
  3 gnolls (D:2)
  4 adders
  2 dart slugs
  A ribbon worm (D:4)
  4 orcs (D:4)
  6 ball pythons
  7 endoplasms
  4 giant cockroaches
  8 goblins
  3 hobgoblins
  4 jackals (D:3)
  3 kobolds
  6 quokkas
  4 bats
  3 frilled lizards
  4 rats
71 creatures vanquished.

Notes
Turn   | Place    | Note
-------+----------+-------------------------------------------
     0 | D:1      | Amplified the Demonspawn Wanderer began the quest for the
                  | Orb.
     0 | D:1      | Amplified set off with the following items: a +0 dagger, a
                  | +0 pair of boots, a potion of berserk rage, a +0 robe, a
                  | wand of roots (3); and the following spell memorised:
                  | Sting; and the following spells available to memorise:
                  | Mephitic Cloud.
     0 | D:1      | Reached XP level 1. HP: 13/13 MP: 2/2
   142 | D:1      | Gained mutation: You regenerate a little health from kills.
                  | [demonic ancestry]
   142 | D:1      | Reached XP level 2. HP: 18/20 MP: 3/3
   191 | D:1      | Reached skill level 1 in Fighting
   329 | D:1      | Reached skill level 1 in Maces & Flails
   407 | D:1      | Reached XP level 3. HP: 25/26 MP: 4/4
   752 | D:2      | Identified the +6 sling "Arcanum" {speed, Fly Int+2}
   812 | D:2      | Noticed Jessica
   818 | D:2      | Killed Jessica
   819 | D:2      | Reached skill level 1 in Armour
   819 | D:2      | Discovered your monstrous ancestry.
   819 | D:2      | Gained mutation: You have sharp fingernails. [demonic
                  | ancestry]
   819 | D:2      | Reached XP level 4. HP: 33/33 MP: 5/5
  1143 | D:2      | Reached skill level 1 in Ranged Weapons
  1439 | D:3      | Found a faded altar of an unknown god.
  2181 | D:4      | Reached XP level 5. HP: 39/39 MP: 6/6
  2326 | D:4      | Noticed a phantom
  2337 | D:4      | Killed a phantom
  2338 | D:4      | Reached XP level 6. HP: 42/46 MP: 7/7
  2488 | D:4      | Noticed Sigmund
  2537 | Abyss:1  | Found a corrupted altar of Lugonu.
  2537 | Abyss:1  | Found a corrupted altar of Lugonu.
  2537 | Abyss:1  | Cast into level 1 of the Abyss (Sigmund)
  2569 | Abyss:1  | Noticed a small abomination
  2590 | Abyss:1  | Noticed a raiju
  2618 | Abyss:1  | Noticed a deep elf sorcerer
  2619 | Abyss:1  | Noticed a tentacled starspawn
  2632 | Abyss:1  | Noticed a large abomination
  2647 | Abyss:1  | Noticed a wretched star
  2663 | Abyss:1  | Killed from afar by a wretched star

Illustrated notes

Levels and vault maps discovered:
D:1:      dpeg_arrival_solitude, layout_basic, grunt_decor_cap,
          dreamdust_princess_bridge
D:2:      layout_basic, chequers_serial_rivers_small_3,
          kennysheep_jessica_study, uniq_crazy_yiuf_cottage
D:3:      layout_loops_corners, hellmonk_ecumenical_altar_blasted
D:4:      layout_basic, serial_glass, glass_columns_b, glass_columns_c,
          kennysheep_path_1, uniq_sigmund
Abyss:1:  base: D:4, minivault_25_ag, abyss_greek_temple

Skill      XL: |  1  2  3  4  5  6 |
---------------+-------------------+-----
Fighting       | 1 2 3 |  3.1
Maces & Flails | 1 2 |  2.7
Armour         | 1 |  1.8
Ranged Weapons | 1 2 |  2.3
Dodging        | |  1.7
Spellcasting   | |  1.0
Alchemy        | |  2.0
Evocations     | |  5.5

Action                     |  1- 3 |  4- 6 || total
---------------------------+-------+-------++-------
  Melee: Flail             |    45 |     4 ||    49
         Dagger            |     4 |       ||     4
   Fire: Sling             |    16 |   104 ||   120
   Cast: Sting             |     4 |       ||     4
  Evoke: Wand              |       |     3 ||     3
    Use: Scroll            |     2 |     3 ||     5
         Potion            |       |     6 ||     6
   Stab: Sleeping          |     4 |       ||     4
 Armour: Robe              |    27 |       ||    27
         Fire dragon scale |     2 |    61 ||    63
  Dodge: Dodged            |    38 |    22 ||    60
